 Dungeon Crawl Stone Soup version 0.27-a0-1278-g6cbc8dfb29 (webtiles) character file.

Game seed: 15397897753869408400

77 bande the Skirmisher (level 4, -6/29 HPs)
             Began as a Gargoyle Fighter on June 12, 2021.
             Mangled by Sigmund (8 damage)
             ... on level 2 of the Dungeon.
             The game lasted 00:02:35 (1606 turns).

bande the Skirmisher (Gargoyle Fighter)             Turns: 1606, Time: 00:02:35

Health: -6/29      AC: 17    Str: 19    XL:     4   Next: 33%
Magic:  0/4        EV:  3    Int:  9    God:
Gold:   48         SH:  0    Dex: 10    Spells: 3/3 levels left

rFire    . . .     SeeInvis .   a - +0 war axe
rCold    . . .     Faith    .   c - +0 kite shield
rNeg     + . .     Spirit   +   j - +0 plate armour
rPois    ∞         Reflect  .   (no helmet)
rElec    +         Harm     .   e - +0 cloak
rCorr    .         Rampage  .   i - +0 pair of gloves
Will     .....                  (no boots)
Stlth    ..........             h - amulet of guardian spirit
HPRegen  0.09/turn              (no ring)
MPRegen  0.09/turn              (no ring)

@: confused, mighty
A: sickness immunity, AC +3, negative energy resistance 1, electricity
resistance, torment resistance 1, petrification resistance
a: no special abilities


You were on level 2 of the Dungeon.
You visited 1 branch of the dungeon, and saw 2 of its levels.

You collected 48 gold pieces.

Inventory:

Hand Weapons
 a - a +0 war axe (weapon)
Armour
 c - a +0 kite shield (worn)
 e - a +0 cloak (worn)
 i - a +0 pair of gloves (worn)
 j - a +0 plate armour (worn)
Jewellery
 h - an amulet of guardian spirit (around neck)
Potions
 g - a potion of attraction {unknown}


   Skills:
 + Level 4.0 Fighting
 + Level 2.7 Axes
 + Level 3.7 Armour
 + Level 0.1 Dodging
 + Level 3.8 Shields


You had 3 spell levels left.
You didn't know any spells.
Your spell library was empty.

Dungeon Overview and Level Annotations

Branches:
Dungeon (2/15)

Altars:

Shops:
D:1 =   D:2 *

Annotations:
D:2 Sigmund


Innate Abilities, Weirdness & Mutations

You are immune to sickness and miasma.
Your stone body is resilient. (AC +3)
You are immune to poison.
You resist negative energy. (rN+)
You are resistant to electric shocks. (rElec)
You are resistant to unholy torment.
You are immune to petrification.


Message History

The jackal barks!
You hit the jackal.
You kill the jackal!
Something hits you but does no damage. x2
You miss something. Something hits you.
A jackal comes into view.
Unknown command.
You closely miss something.
The jackal barks!
You hear some strange, mumbled words.
A puff of flame appears from out of thin air!
The puff of flame hits you but does no damage.
Something hits you.
You miss something. Something hits you.
You closely miss something. Something hits you but does no damage.
Something hits you!
You hit something but do no damage. Something hits you.
* * * LOW HITPOINT WARNING * * *
Unknown command.
It was a potion of curing.
You feel better. Something hits you!
* * * LOW HITPOINT WARNING * * *
You feel very mighty all of a sudden. You block something's attack.
You miss something. Something hits you but does no damage. Something hits you.
* * * LOW HITPOINT WARNING * * *
You miss something. You block something's attack.
You hear some strange, mumbled words.
You are confused.
Unknown command.
You miss something.
You hear some strange, mumbled words.
A magic dart appears from out of thin air!
The magic dart hits you but does no damage.
You bump into the rock wall.
You hear some strange, mumbled words.
A magic dart appears from out of thin air!
The magic dart hits you but does no damage.
You completely miss something. Something hits you.
Something hits you but does no damage.
You bump into the rock wall.
Something hits you!
You die...

#§§.§... ### #§§§≈≈≈ #..
#≈§§§≈ #h# #≈.§≈# §.≈ #h#
#≈§≈§##≈≈.≈ #h#
#§.§§§§§§.≈ #{#
#≈§§≈§≈§≈.≈#####@#####.#
#§.....§§.≈#..†.#†.....#
#.≈≈≈≈≈§§≈≈#####.#######
'########## #.#########
.....###########.#.......#
##...............#.#####.#
#.#.#############.# #.#
#.#.# #.# #.# ##.#.# #.#
#.########


You could see 3 jackals.

Vanquished Creatures
  3 adders (D:2)
  5 dart slugs
  2 bats (D:1)
  2 endoplasms (D:2)
  5 goblins
  A hobgoblin (D:2)
  3 jackals (D:2)
  2 kobolds
  6 quokkas
  2 ball pythons
  2 frilled lizards (D:2)
  5 rats
38 creatures vanquished.

Notes
Turn   | Place    | Note
-------+----------+-------------------------------------------
     0 | D:1      | bande the Gargoyle Fighter began the quest for the Orb.
     0 | D:1      | Reached XP level 1. HP: 14/14 MP: 1/1
   420 | D:1      | Reached XP level 2. HP: 15/19 MP: 2/2
   485 | D:1      | Found a faded altar of an unknown god.
   666 | D:1      | Found Watsaofe's Jewellery Boutique.
   905 | D:1      | You fall into a shaft and drop 1 floor!
   910 | D:2      | Reached XP level 3. HP: 19/24 MP: 3/3
  1131 | D:2      | Found Soylaz's General Store.
  1212 | D:2      | Reached skill level 4 in Fighting
  1248 | D:2      | Reached XP level 4. HP: 29/29 MP: 4/4
  1585 | D:2      | Noticed Sigmund
  1601 | D:2      | HP: 1/29 [something (4)]
  1606 | D:2      | Mangled by Sigmund

Illustrated notes

Levels and vault maps discovered:
D:1:      dpeg_arrival_rhombus, layout_loops_ring,
          ebering_ecumenical_altar_mist, serial_shops, shop
D:2:      layout_loops_ring, serial_shops, shop_fountains,
          kennysheep_pointless_box, uniq_sigmund

Skill      XL: |  1  2  3 |
---------------+----------+-----
Axes           | 2 |  2.7
Fighting       | 4 |  4.0
Armour         | |  3.7
Dodging        | |  0.1
Shields        | |  3.8

Action                   |  1- 3 |  4- 6 || total
-------------------------+-------+-------++-------
Melee: War axe           |    92 |    36 ||   128
  Use: Scroll            |     1 |       ||     1
       Potion            |       |     2 ||     2
Armor: Scale mail        |    63 |    10 ||    73
       Plate armour      |       |    16 ||    16
Dodge: Dodged            |    25 |     8 ||    33
Block: Kite shield       |    49 |    18 ||    67

Table legend: (Time is in decaauts)
 A = Elapsed time spent in this place.
 B = Non-inter-level travel time spent in this place.
 C = Inter-level travel time spent in this place.
 D = Time resting spent in this place.
 E = Time spent auto-exploring this place.
 F = Levels seen in this place.
 G = Mean time per level.
                   A        B        C        D        E       F      G
               +--------+--------+--------+--------+--------+-----+--------+
         Total |   1685 |   1685 |      0 |    334 |    978 |   2 |  842.5 |
       Dungeon |   1685 |   1685 |      0 |    334 |    978 |   2 |  842.5 |
               +--------+--------+--------+--------+--------+-----+--------+

Top non-repeatable levels by time:
     D:1: 1105 daAuts
     D:2: 580 daAuts
